 Dungeon Crawl Stone Soup version 0.30-a0-459-g9104f0fc43 (webtiles) character file.

Game seed: 12281218168545584833

90 Monkooky the Trooper (level 4, 0/44 HPs)
             Began as a Hill Orc Monk on Dec 16, 2022.
             Was a Priest of Okawaru.
             Slain by a gnoll
             ... wielding a +0 whip
              (4 damage)
             ... on level 3 of the Dungeon.
             The game lasted 00:02:27 (2307 turns).

Monkooky the Trooper (Hill Orc Monk)                Turns: 2307, Time: 00:02:27

Health: 0/44       AC:  6    Str: 15    XL:     4   Next: 56%
Magic:  13/13      EV: 11    Int: 10    God:    Okawaru [***...]
Gold:   133        SH:  0    Dex: 13    Spells: 3/3 levels left

rFire   . . .      SeeInvis .    a - +0 hand axe
rCold   . . .      Faith    .    (no shield)
rNeg    + . .      Spirit   .    p - +0 ring mail
rPois   .          Reflect  .    (no helmet)
rElec   .          Harm     .    n - +0 cloak
rCorr   .          Rampage  .    (no gloves)
Will    .....                    (no boots)
Stlth   +.........               (no amulet)
HPRegen 0.27/turn                o - ring of positive energy
MPRegen 0.13/turn                m - ring of magical power

@: no status effects
A: no striking features
a: Renounce Religion, Heroism


You were on level 3 of the Dungeon.
You worshipped Okawaru.
Okawaru was most pleased with you.
You visited 1 branch of the dungeon, and saw 3 of its levels.

You collected 133 gold pieces.

Inventory:

Hand Weapons
 a - a +0 hand axe (weapon)
Armour
 b - a +0 robe
 n - a +0 cloak (worn)
 p - a +0 ring mail (worn)
Jewellery
 m - a ring of magical power (right hand)
 o - a ring of positive energy (left hand)
Scrolls
 d - a scroll of vulnerability {unknown}
 e - 2 scrolls of noise {unknown}
 f - a scroll of identify {unknown}
 h - 2 scrolls of blinking {unknown}
 i - a scroll of enchant weapon {unknown}
 l - a scroll of fog {unknown}
 r - a scroll of enchant armour {unknown}
 s - a scroll of teleportation {unknown}
Potions
 g - a potion of brilliance {unknown}
 j - 2 potions of invisibility {unknown}
 k - a potion of heal wounds {unknown}
 q - a potion of might {unknown}


   Skills:
 - Level 5.8 Fighting
 + Level 4.6 Axes
 - Level 2.4 Dodging
 - Level 1.6 Stealth


You had 3 spell levels left.
You didn't know any spells.
Your spell library contained the following spells:

 Spells                   Type           Power      Damage    Failure   Level
 Kiss of Death            Conj/Necr      0%         2d5       58%         1
 Confusing Touch          Hex            0%         N/A       92%         3
 Dispel Undead            Necr           0%         3d6       100%        4


Dungeon Overview and Level Annotations

Branches:
Dungeon (3/15)

Altars:
Okawaru


Message History

You hit the gnoll.
The gnoll is lightly wounded.
The gnoll hits you from afar with a +0 spear.
The gnoll closely misses you.
You are too injured to fight recklessly!
You are too injured to fight recklessly!
You are too injured to fight recklessly!
You are too injured to fight recklessly!
You barely miss the gnoll.
The gnoll is lightly wounded.
The gnoll hits you but does no damage. x2
You hit the gnoll but do no damage.
The gnoll is lightly wounded.
The gnoll hits you but does no damage. The gnoll closely misses you.
You hit the gnoll.
The gnoll is moderately wounded.
The gnoll hits you but does no damage. The gnoll misses you.
You hit the gnoll but do no damage.
The gnoll is moderately wounded.
The gnoll closely misses you.
The gnoll hits you from afar with a +0 spear.
You hit the gnoll.
The gnoll is heavily wounded.
The gnoll barely misses you. The gnoll misses you.
You closely miss the gnoll.
The gnoll is heavily wounded.
The gnoll completely misses you.
The gnoll hits you from afar with a +0 spear.
You hit the gnoll.
The gnoll is almost dead.
The gnoll hits you with a +0 flail!
* * * LOW HITPOINT WARNING * * *
The gnoll hits you from afar with a +0 spear.
* * * LOW HITPOINT WARNING * * *
You hit the gnoll.
You kill the gnoll!
Okawaru accepts your kill.
Okawaru will now gift you throwing weapons as you gain piety.
The gnoll hits you but does no damage. The gnoll hits you with a +0 whip.
You die...

#..PPP.P.?. #..P...PP..#
#.## ##..........# ...#
###..P....PP..# #..#
#......PP..P..# #..#
#.#...PP..PP.# #..#
#.##...PPP...# #######..#
#.###..)....#
.........#####?@ggS..†####
#........########
#.#.##..####### .......<#
#.#.###.# .. ..# #. #### #


You could see 2 gnolls and a ball python.

Vanquished Creatures
  4 adders
  2 gnolls (D:3)
  A worm (D:2)
  2 dart slugs
  2 endoplasms
  A giant cockroach (D:2)
  3 goblins (D:2)
  5 hobgoblins
  6 kobolds
  A quokka (D:2)
  2 ball pythons
  4 bats
  3 frilled lizards
  6 rats
42 creatures vanquished.

Vanquished Creatures (others)
  2 plants (D:3)
2 creatures vanquished.

Grand Total: 44 creatures vanquished

Notes
Turn   | Place    | Note
-------+----------+-------------------------------------------
     0 | D:1      | Monkooky the Hill Orc Monk began the quest for the Orb.
     0 | D:1      | Reached XP level 1. HP: 19/19 MP: 1/1
    52 | D:1      | You fall into a shaft and drop 1 floor!
   294 | D:1      | Reached skill level 4 in Fighting
   413 | D:1      | Reached XP level 2. HP: 27/27 MP: 2/2
   863 | D:2      | Reached XP level 3. HP: 35/35 MP: 3/3
  1023 | D:2      | Reached skill level 5 in Fighting
  1624 | D:2      | Reached XP level 4. HP: 19/44 MP: 4/4
  1954 | D:2      | Found a faded altar of an unknown god.
  2126 | D:2      | Prayed at the altar of an unknown god.
  2126 | D:2      | Became a worshipper of Warmaster Okawaru
  2126 | D:2      | Reached * piety under Okawaru
  2126 | D:2      | Reached ** piety under Okawaru
  2288 | D:3      | HP: 1/44 [gnoll/+0 flail (8)]
  2307 | D:3      | Reached *** piety under Okawaru
  2307 | D:3      | Slain by a gnoll

Illustrated notes

Levels and vault maps discovered:
D:1:      nicolae_arrival_memento_mori, layout_loops_ring
D:2:      layout_basic, shapermc_ecumenical_altar_ellora, minmay_quantized
D:3:      layout_loops_ring, lemuel_round_altar, nicolae_grassy_gnolls

Skill      XL: |  1  2  3 |
---------------+----------+-----
Fighting       | 4 5 |  5.8
Axes           | |  4.6
Dodging        | |  2.4
Stealth        | |  1.6

Action                   |  1- 3 |  4- 6 || total
-------------------------+-------+-------++-------
Melee: Hand axe          |   106 |    47 ||   153
       Punch             |     4 |       ||     4
  Use: Potion            |       |     1 ||     1
 Stab: Sleeping          |     1 |       ||     1
Armor: Robe              |     9 |       ||     9
       Ring mail         |    17 |    22 ||    39
Dodge: Dodged            |    59 |    48 ||   107

Table legend: (Time is in decaauts)
 A = Elapsed time spent in this place.
 B = Non-inter-level travel time spent in this place.
 C = Inter-level travel time spent in this place.
 D = Time resting spent in this place.
 E = Time spent auto-exploring this place.
 F = Levels seen in this place.
 G = Mean time per level.
                   A        B        C        D        E       F      G
               +--------+--------+--------+--------+--------+-----+--------+
         Total |   2319 |   2215 |    104 |      0 |   1881 |   3 |  773.0 |
       Dungeon |   2319 |   2215 |    104 |      0 |   1881 |   3 |  773.0 |
               +--------+--------+--------+--------+--------+-----+--------+

Top non-repeatable levels by time:
     D:2: 1581 daAuts
     D:1: 688 daAuts
     D:3: 49 daAuts
